General information
- name: BNet
- type: Ladder team game (AT/RT)
- host: Battle.net
- saver: CultOfFire
map: TwilightRuins
- players: 8
- length: 49:59
- speed: Fast
- version: 1.26 W3XP
- replay type: Public
» download(278 KB)
Players
team 1 (loser)
Kunterbunt (
red | 28 APM | 1392 actions | 48:55)
6 Blood Mage
3 Flame Strike
1 Siphon Mana
1 Banish
1 Summon Phoenix
» actions
| Assign group hotkey | 15 | |
| Basic commands | 46 | |
| Build / train | 100 | |
| ESC pressed | 2 | |
| Enter build submenu | 35 | |
| Enter hero's abilities submenu | 6 | |
| Give item / drop item | 1 | |
| Right click | 467 | |
| Select / deselect | 368 | |
| Select group hotkey | 224 | |
| Use ability | 128 | |
1392 total
» units
| Peasant | 22 | |
| Siege Engine | 14 | |
| Goblin Sapper | 5 | |
| Mortar Team | 1 | |
42 total
» upgrades
| Masonry | 3 | |
| Lumber Harvesting | 1 | |
| Magic Sentry | 1 | |
| Barrage | 1 | |
| Gunpowder | 1 | |
| Plating | 1 | |
| Fragmentation Shards | 1 | |
9 total
» buildings
| Farm | 9 | |
| Altar of Kings | 1 | |
| Lumber Mill | 1 | |
| Scout Tower | 45 | |
| Arcane Tower | 5 | |
| Keep | 1 | |
| Arcane Vault | 2 | |
| Town Hall | 2 | |
| Guard Tower | 17 | |
| Castle | 1 | |
| Arcane Sanctum | 1 | |
| Blacksmith | 1 | |
| Workshop | 4 | |
| Cannon Tower | 1 | |
91 total
» build order
01:10 Farm
01:14 Altar of Kings
01:18 Farm
01:26 Lumber Mill
02:09 Scout Tower
02:38 Arcane Tower
04:03 Keep
04:20 Arcane Vault
04:35 Town Hall
04:43 Scout Tower
04:44 Scout Tower
04:45 Scout Tower
04:47 Scout Tower
04:48 Scout Tower
04:49 Scout Tower
04:50 Scout Tower
04:51 Scout Tower
05:02 Arcane Vault
05:21 Guard Tower
05:38 Guard Tower
05:55 Scout Tower
05:56 Scout Tower
05:59 Scout Tower
06:00 Scout Tower
06:00 Scout Tower
06:01 Scout Tower
06:04 Scout Tower
06:14 Arcane Tower
06:41 Guard Tower
06:47 Guard Tower
06:48 Guard Tower
07:25 Guard Tower
07:30 Guard Tower
07:37 Castle
08:58 Guard Tower
09:02 Guard Tower
09:08 Scout Tower
09:09 Scout Tower
09:10 Scout Tower
09:12 Scout Tower
09:13 Scout Tower
09:14 Scout Tower
09:19 Scout Tower
09:20 Scout Tower
09:22 Scout Tower
09:24 Scout Tower
09:24 Scout Tower
09:25 Scout Tower
09:26 Scout Tower
09:27 Scout Tower
09:27 Scout Tower
09:28 Scout Tower
09:33 Arcane Sanctum
09:40 Blacksmith
10:50 Guard Tower
11:09 Arcane Tower
11:13 Arcane Tower
11:16 Guard Tower
11:18 Guard Tower
12:04 Guard Tower
12:14 Guard Tower
12:18 Workshop
12:19 Workshop
12:22 Workshop
12:22 Workshop
12:53 Scout Tower
12:53 Scout Tower
12:55 Scout Tower
12:56 Scout Tower
13:41 Farm
13:42 Farm
13:47 Farm
13:50 Farm
13:53 Farm
13:58 Guard Tower
15:26 Scout Tower
15:27 Scout Tower
15:30 Scout Tower
15:31 Scout Tower
15:32 Scout Tower
15:33 Scout Tower
15:34 Scout Tower
15:53 Farm
15:56 Farm
16:43 Guard Tower
16:47 Arcane Tower
17:28 Guard Tower
23:38 Scout Tower
23:41 Scout Tower
25:40 Cannon Tower
27:04 Town Hall
» items
| Scroll of Regeneration | 3 | |
| Healing Salve | 1 | |
| Lesser Clarity Potion | 2 | |
| Potion of Healing | 3 | |
| Scroll of Town Portal | 3 | |
| Potion of Mana | 2 | |
| Boots of Speed | 1 | |
| Periapt of Vitality | 1 | |
| Potion of Lesser Invulnerability | 1 | |
17 total

»
LoL. (
pink | 31 APM | 1509 actions | 48:55)
9 Death Knight
3 Death Coil
3 Unholy Aura
1 Animate Dead
2 Death Pact
» actions
| Basic commands | 23 | |
| Build / train | 75 | |
| Enter build submenu | 24 | |
| Enter hero's abilities submenu | 9 | |
| Remove unit from queue | 3 | |
| Right click | 745 | |
| Select / deselect | 554 | |
| Use ability | 76 | |
1509 total
» units
| Acolyte | 14 | |
| Ghoul | 15 | |
| Obsidian Statue | 2 | |
| Frost Wyrm | 10 | |
| Gargoyle | 3 | |
44 total
» upgrades
| Creature Attack | 3 | |
| Creature Carapace | 2 | |
| Freezing Breath | 1 | |
| Unholy Strength | 0 | |
| Unholy Armor | 1 | |
7 total
» buildings
| Altar of Darkness | 1 | |
| Ziggurat | 10 | |
| Crypt | 1 | |
| Graveyard | 1 | |
| Nerubian Tower | 2 | |
| Tomb of Relics | 2 | |
| Halls of the Dead | 1 | |
| Necropolis | 1 | |
| Black Citadel | 1 | |
| Spirit Tower | 2 | |
| Sacrificial Pit | 1 | |
| Slaughterhouse | 1 | |
| Boneyard | 3 | |
27 total
» build order
00:52 Altar of Darkness
00:54 Ziggurat
01:00 Crypt
01:04 Graveyard
01:22 Ziggurat
01:53 Nerubian Tower
02:08 Tomb of Relics
03:44 Halls of the Dead
04:08 Ziggurat
04:57 Ziggurat
04:58 Ziggurat
06:41 Necropolis
08:53 Tomb of Relics
09:03 Black Citadel
09:05 Spirit Tower
09:42 Ziggurat
09:43 Ziggurat
09:46 Ziggurat
09:53 Ziggurat
10:14 Sacrificial Pit
10:18 Slaughterhouse
11:08 Nerubian Tower
11:10 Spirit Tower
11:28 Boneyard
11:30 Boneyard
11:37 Boneyard
11:50 Ziggurat
» items
| Circlet of Nobility | 1 | |
| Scroll of Town Portal | 2 | |
| Potion of Lesser Invulnerability | 1 | |
| Potion of Healing | 2 | |
| Scroll of Regeneration | 1 | |
7 total
bhjf44s (
purple | 47 APM | 2278 actions | 48:55)
7 Blademaster
3 Wind Walk
3 Mirror Image
1 Bladestorm
» actions
| Assign group hotkey | 7 | |
| Basic commands | 4 | |
| Build / train | 92 | |
| Enter build submenu | 17 | |
| Enter hero's abilities submenu | 7 | |
| Give item / drop item | 5 | |
| Right click | 800 | |
| Select / deselect | 250 | |
| Select group hotkey | 890 | |
| Use ability | 206 | |
2278 total
» units
| Peon | 14 | |
| Grunt | 2 | |
| Troll Batrider | 10 | |
26 total
» upgrades
| Spiked Barricades | 1 | |
| Reinforced Defenses | 1 | |
| Liquid Fire | 1 | |
| Ranged Weapons | 1 | |
4 total
» buildings
| Orc Burrow | 5 | |
| Altar of Storms | 2 | |
| Voodoo Lounge | 4 | |
| Barracks | 1 | |
| War Mill | 1 | |
| Watch Tower | 3 | |
| Stronghold | 1 | |
| Fortress | 1 | |
| Beastiary | 2 | |
20 total
» build order
00:06 Orc Burrow
00:12 Altar of Storms
01:09 Voodoo Lounge
01:35 Barracks
01:52 Orc Burrow
02:11 War Mill
02:49 Voodoo Lounge
04:49 Watch Tower
04:50 Watch Tower
06:16 Watch Tower
06:26 Stronghold
06:34 Orc Burrow
06:50 Voodoo Lounge
06:58 Voodoo Lounge
07:45 Altar of Storms
08:53 Fortress
08:59 Beastiary
09:02 Beastiary
13:22 Orc Burrow
37:22 Orc Burrow
» items
| Healing Salve | 5 | |
| Lesser Clarity Potion | 16 | |
| Scroll of Speed | 3 | |
| Staff of Teleportation | 1 | |
| Scroll of Town Portal | 5 | |
| Orb of Lightning | 1 | |
| Potion of Mana | 11 | |
| Potion of Healing | 5 | |
| Tiny Great Hall | 2 | |
| Potion of Lesser Invulnerability | 3 | |
52 total
BERMUDA-TRIANGL (
yellow | 64 APM | 3119 actions | 48:55)
6 Blademaster
3 Wind Walk
2 Critical Strike
1 Bladestorm
1 Naga Sea Witch
1 Frost Arrows
1 Pit Lord
1 Rain of Fire
» actions
| Assign group hotkey | 48 | |
| Basic commands | 198 | |
| Build / train | 67 | |
| Enter build submenu | 31 | |
| Enter hero's abilities submenu | 8 | |
| Give item / drop item | 1 | |
| Remove unit from queue | 2 | |
| Right click | 1155 | |
| Select / deselect | 346 | |
| Select group hotkey | 1054 | |
| Use ability | 209 | |
3119 total
» units
| Peon | 15 | |
| Goblin Shredder | 1 | |
| Wind Rider | 7 | |
| Goblin Sapper | 3 | |
26 total
» upgrades
| Ranged Weapons | 2 | |
| Armor | 2 | |
| Reinforced Defenses | 1 | |
| Envenomed Spears | 1 | |
6 total
» buildings
| Altar of Storms | 1 | |
| Orc Burrow | 7 | |
| War Mill | 1 | |
| Voodoo Lounge | 1 | |
| Watch Tower | 33 | |
| Stronghold | 4 | |
| Beastiary | 5 | |
| Great Hall | 2 | |
| Fortress | 2 | |
56 total
» build order
00:21 Altar of Storms
00:30 Orc Burrow
01:07 War Mill
01:23 Voodoo Lounge
02:23 Watch Tower
02:28 Watch Tower
03:52 Stronghold
03:52 Stronghold
04:12 Watch Tower
04:13 Watch Tower
04:14 Watch Tower
04:33 Orc Burrow
04:52 Orc Burrow
04:53 Orc Burrow
06:25 Beastiary
06:29 Beastiary
07:39 Great Hall
07:41 Watch Tower
07:42 Watch Tower
07:45 Watch Tower
07:46 Watch Tower
07:47 Watch Tower
07:49 Watch Tower
09:07 Watch Tower
09:49 Orc Burrow
10:39 Fortress
12:56 Beastiary
13:28 Orc Burrow
13:37 Watch Tower
13:38 Watch Tower
13:38 Watch Tower
13:38 Watch Tower
14:57 Watch Tower
14:58 Watch Tower
15:04 Beastiary
16:18 Watch Tower
16:18 Watch Tower
16:19 Watch Tower
16:20 Watch Tower
18:15 Watch Tower
18:15 Watch Tower
18:21 Watch Tower
18:48 Watch Tower
18:59 Beastiary
23:30 Watch Tower
23:30 Watch Tower
23:31 Watch Tower
23:32 Watch Tower
24:41 Great Hall
24:43 Watch Tower
24:43 Watch Tower
24:43 Watch Tower
26:12 Stronghold
27:46 Stronghold
31:41 Orc Burrow
» items
| Healing Salve | 3 | |
| Lesser Clarity Potion | 4 | |
| Staff of Teleportation | 3 | |
| Scroll of Town Portal | 3 | |
| Orb of Lightning | 1 | |
| Tiny Great Hall | 1 | |
15 total
team 2 (winner)
jhredskins21 (
orange | 25 APM | 745 actions | 29:38)
7 Blademaster
3 Wind Walk
3 Critical Strike
1 Bladestorm
4 Shadow Hunter
2 Healing Wave
2 Hex
» actions
| Build / train | 85 | |
| Enter build submenu | 17 | |
| Enter hero's abilities submenu | 11 | |
| Give item / drop item | 3 | |
| Right click | 271 | |
| Select / deselect | 295 | |
| Use ability | 63 | |
745 total
» units
| Peon | 11 | |
| Troll Headhunter/Berserker | 25 | |
| Shaman | 6 | |
| Troll Witch Doctor | 6 | |
| Footman | 4 | |
52 total
» upgrades
| Ranged Weapons | 3 | |
| Armor | 2 | |
| Troll Regeneration | 1 | |
| Shaman Training | 2 | |
| Witch Doctor Training | 2 | |
| Berserker Upgrade | 1 | |
11 total
» buildings
| Altar of Storms | 1 | |
| Orc Burrow | 8 | |
| Barracks | 2 | |
| War Mill | 1 | |
| Voodoo Lounge | 1 | |
| Stronghold | 1 | |
| Watch Tower | 1 | |
| Spirit Lodge | 2 | |
| Fortress | 1 | |
18 total
» build order
00:04 Altar of Storms
00:09 Orc Burrow
01:00 Barracks
01:26 War Mill
01:41 Orc Burrow
02:13 Voodoo Lounge
03:04 Orc Burrow
04:23 Orc Burrow
04:28 Barracks
05:58 Stronghold
06:09 Orc Burrow
06:55 Watch Tower
07:24 Orc Burrow
09:43 Spirit Lodge
09:48 Spirit Lodge
10:56 Fortress
19:11 Orc Burrow
» items
| Healing Salve | 2 | |
| Scroll of Speed | 1 | |
| Orb of Lightning | 1 | |
| Claws of Attack +6 | 1 | |
| Talisman of Evasion | 1 | |
| Mana Stone | 1 | |
7 total

»
Dabu (
green | 42 APM | 1298 actions | 30:59)
6 Dreadlord
2 Sleep
3 Vampiric Aura
1 Inferno
2 Death Knight
1 Death Coil
1 Unholy Aura
» actions
| Assign group hotkey | 77 | |
| Basic commands | 30 | |
| Build / train | 91 | |
| ESC pressed | 27 | |
| Enter build submenu | 29 | |
| Enter hero's abilities submenu | 8 | |
| Give item / drop item | 1 | |
| Right click | 337 | |
| Select / deselect | 309 | |
| Select group hotkey | 293 | |
| Use ability | 96 | |
1298 total
» units
| Acolyte | 19 | |
| Ghoul | 16 | |
| Goblin Shredder | 1 | |
| Gargoyle | 11 | |
| Abomination | 4 | |
51 total
» upgrades
| Unholy Strength | 3 | |
| Cannibalize | 1 | |
| Unholy Armor | 2 | |
| Creature Attack | 1 | |
| Disease Cloud | 1 | |
| Stone Form | 1 | |
9 total
» buildings
| Crypt | 1 | |
| Altar of Darkness | 1 | |
| Ziggurat | 14 | |
| Graveyard | 1 | |
| Spirit Tower | 6 | |
| Tomb of Relics | 2 | |
| Nerubian Tower | 3 | |
| Halls of the Dead | 3 | |
| Necropolis | 1 | |
| Black Citadel | 1 | |
| Slaughterhouse | 2 | |
35 total
» build order
00:22 Crypt
00:25 Altar of Darkness
00:39 Ziggurat
01:34 Ziggurat
01:36 Ziggurat
02:45 Graveyard
04:13 Spirit Tower
05:49 Tomb of Relics
06:24 Ziggurat
06:44 Ziggurat
07:53 Nerubian Tower
07:56 Nerubian Tower
09:44 Halls of the Dead
11:03 Halls of the Dead
11:09 Necropolis
11:38 Ziggurat
11:39 Ziggurat
11:40 Ziggurat
11:45 Ziggurat
11:47 Ziggurat
11:51 Ziggurat
11:55 Tomb of Relics
12:32 Spirit Tower
12:34 Spirit Tower
12:36 Spirit Tower
12:40 Spirit Tower
12:42 Spirit Tower
12:48 Nerubian Tower
13:13 Halls of the Dead
14:11 Black Citadel
16:05 Slaughterhouse
16:08 Slaughterhouse
21:47 Ziggurat
21:48 Ziggurat
21:49 Ziggurat
» items
| Dust of Appearance | 1 | |
| Scroll of Healing | 1 | |
| Potion of Healing | 3 | |
| Scroll of Town Portal | 2 | |
| Orb of Corruption | 1 | |
8 total
CultOfFire (
blue | 105 APM | 5145 actions | 48:55)
10 Mountain King
3 Storm Bolt
3 Thunder Clap
1 Avatar
3 Bash
» actions
| Assign group hotkey | 218 | |
| Basic commands | 149 | |
| Build / train | 273 | |
| ESC pressed | 6 | |
| Enter build submenu | 66 | |
| Enter hero's abilities submenu | 10 | |
| Give item / drop item | 4 | |
| Remove unit from queue | 2 | |
| Right click | 2240 | |
| Select / deselect | 628 | |
| Select group hotkey | 1165 | |
| Use ability | 384 | |
5145 total
» units
| Peasant | 13 | |
| Footman | 5 | |
| Goblin Shredder | 1 | |
| Gryphon Rider | 10 | |
| Dragonhawk Rider | 5 | |
| Siege Engine | 9 | |
| Goblin Sapper | 21 | |
| Mortar Team | 2 | |
| Goblin Zeppelin | 6 | |
72 total
» upgrades
| Masonry | 3 | |
| Swords | 3 | |
| Armor | 3 | |
| Magic Sentry | 1 | |
| Animal War Training | 1 | |
| Plating | 3 | |
| Cloud | 1 | |
| Lumber Harvesting | 2 | |
| Barrage | 1 | |
| Gunpowder | 3 | |
| Fragmentation Shards | 1 | |
| Storm Hammers | 1 | |
23 total
» buildings
| Altar of Kings | 2 | |
| Barracks | 1 | |
| Farm | 11 | |
| Scout Tower | 28 | |
| Arcane Tower | 11 | |
| Arcane Vault | 3 | |
| Town Hall | 3 | |
| Lumber Mill | 1 | |
| Guard Tower | 72 | |
| Keep | 3 | |
| Blacksmith | 2 | |
| Castle | 4 | |
| Gryphon Aviary | 5 | |
| Arcane Sanctum | 1 | |
| Workshop | 4 | |
| Cannon Tower | 11 | |
162 total
» build order
00:51 Altar of Kings
00:53 Barracks
00:55 Farm
01:07 Farm
01:39 Farm
01:43 Scout Tower
02:11 Arcane Tower
02:11 Arcane Tower
02:11 Arcane Tower
02:27 Farm
03:09 Arcane Vault
04:17 Town Hall
04:19 Scout Tower
04:20 Scout Tower
04:21 Scout Tower
04:21 Scout Tower
04:50 Arcane Tower
04:51 Arcane Tower
04:54 Lumber Mill
05:30 Guard Tower
05:31 Guard Tower
06:15 Keep
06:15 Keep
06:41 Blacksmith
06:44 Blacksmith
06:55 Scout Tower
06:58 Scout Tower
07:26 Guard Tower
07:26 Guard Tower
07:26 Guard Tower
07:31 Guard Tower
08:33 Scout Tower
08:34 Scout Tower
08:36 Scout Tower
09:00 Castle
09:01 Castle
09:01 Castle
09:06 Guard Tower
09:07 Guard Tower
09:07 Guard Tower
09:07 Guard Tower
09:08 Guard Tower
10:03 Gryphon Aviary
10:48 Scout Tower
10:50 Arcane Sanctum
11:18 Arcane Tower
11:18 Arcane Tower
11:40 Gryphon Aviary
11:57 Scout Tower
12:03 Scout Tower
12:35 Guard Tower
12:35 Guard Tower
12:37 Guard Tower
12:37 Guard Tower
12:38 Guard Tower
12:45 Scout Tower
12:51 Scout Tower
12:52 Scout Tower
13:48 Guard Tower
13:48 Guard Tower
14:22 Farm
15:24 Workshop
15:28 Workshop
15:30 Workshop
15:31 Workshop
15:56 Guard Tower
18:27 Scout Tower
18:28 Scout Tower
18:30 Scout Tower
18:48 Farm
18:54 Farm
18:56 Farm
19:10 Guard Tower
19:10 Guard Tower
19:11 Guard Tower
19:11 Guard Tower
19:14 Cannon Tower
19:15 Guard Tower
19:15 Guard Tower
19:15 Guard Tower
19:15 Guard Tower
19:16 Guard Tower
20:10 Arcane Vault
21:55 Farm
21:56 Farm
21:57 Farm
28:52 Altar of Kings
29:07 Town Hall
29:09 Scout Tower
29:10 Scout Tower
29:11 Scout Tower
29:12 Scout Tower
29:19 Scout Tower
29:20 Scout Tower
29:21 Scout Tower
29:23 Scout Tower
29:23 Scout Tower
29:37 Cannon Tower
29:38 Cannon Tower
29:41 Guard Tower
29:41 Guard Tower
29:41 Guard Tower
29:43 Guard Tower
29:44 Guard Tower
29:53 Cannon Tower
29:53 Cannon Tower
29:53 Cannon Tower
29:53 Cannon Tower
30:08 Guard Tower
30:08 Guard Tower
30:15 Arcane Tower
30:16 Guard Tower
30:16 Guard Tower
30:16 Guard Tower
30:17 Guard Tower
30:17 Guard Tower
30:17 Guard Tower
32:01 Arcane Vault
32:38 Guard Tower
32:38 Guard Tower
32:38 Guard Tower
32:38 Guard Tower
38:16 Gryphon Aviary
39:16 Gryphon Aviary
39:18 Gryphon Aviary
45:26 Town Hall
» items
| Scroll of Regeneration | 6 | |
| Boots of Speed | 1 | |
| Mechanical Critter | 2 | |
| Gauntlets of Ogre Strength +3 | 1 | |
| Sentry Wards | 1 | |
| Lesser Clarity Potion | 6 | |
| Potion of Lesser Invulnerability | 1 | |
| Scroll of Town Portal | 2 | |
| Potion of Mana | 1 | |
| Pendant of Energy | 1 | |
| Mana Stone | 1 | |
23 total
faast (
teal | 35 APM | 771 actions | 21:47)
3 Archmage
1 Summon Water Elemental
2 Brilliance Aura
2 Blood Mage
1 Siphon Mana
1 Banish
» actions
| Basic commands | 7 | |
| Build / train | 63 | |
| Enter build submenu | 23 | |
| Enter hero's abilities submenu | 5 | |
| Remove unit from queue | 2 | |
| Right click | 279 | |
| Select / deselect | 341 | |
| Use ability | 50 | |
771 total
» units
| Peasant | 8 | |
| Footman | 9 | |
| Rifleman | 3 | |
| Priest | 2 | |
| Goblin Shredder | 1 | |
| Knight | 7 | |
30 total
» upgrades
| Masonry | 3 | |
| Swords | 3 | |
| Gunpowder | 2 | |
| Plating | 2 | |
| Magic Sentry | 1 | |
| Priest Training | 1 | |
| Animal War Training | 1 | |
13 total
» buildings
| Altar of Kings | 1 | |
| Barracks | 1 | |
| Farm | 7 | |
| Scout Tower | 7 | |
| Arcane Tower | 3 | |
| Lumber Mill | 1 | |
| Blacksmith | 1 | |
| Keep | 1 | |
| Guard Tower | 3 | |
| Arcane Vault | 1 | |
| Arcane Sanctum | 1 | |
| Castle | 1 | |
| Town Hall | 1 | |
29 total
» build order
00:29 Altar of Kings
00:33 Barracks
00:44 Farm
00:58 Farm
02:11 Farm
02:15 Scout Tower
03:22 Arcane Tower
03:26 Scout Tower
04:10 Arcane Tower
04:18 Farm
05:15 Lumber Mill
06:13 Scout Tower
06:17 Blacksmith
06:26 Keep
06:43 Guard Tower
06:59 Farm
07:03 Arcane Vault
09:08 Arcane Sanctum
09:36 Castle
11:58 Farm
12:58 Scout Tower
13:56 Guard Tower
15:04 Scout Tower
15:30 Town Hall
15:32 Scout Tower
15:36 Scout Tower
15:39 Guard Tower
16:06 Farm
16:09 Arcane Tower
17:03 Guard Tower
» items
| Scroll of Town Portal | 2 | |
| Orb of Corruption | 1 | |
| Scroll of Healing | 1 | |
4 total
Chat log
(00:14 / Allies) jhredskins21: lets rush
(00:14 / Allies) Dabu: dreadlord/ghouls/aboms
(00:25 / Allies) jhredskins21: shams and wyvs
(00:39 / Allies) faast: knights
(00:40 / Allies) CultOfFire: I got air covered
(00:52 / Allies) jhredskins21: ill go shams and beserkers than we need aa
(01:01 / Allies) Dabu: ok
(01:11 / Allies) faast: tanks take forever
(01:19 / Allies) jhredskins21: and there too slow
(01:27 / Allies) CultOfFire: I can get hawks
(01:34 / Allies) jhredskins21: dont matter to me
(01:36 / All) BERMUDA-TRIANGL: dabu #1
(01:48 / All) Dabu: thanks
(03:03 / Allies) Dabu: who needs lumber
(03:31 / Allies) CultOfFire: inc lvl 1 bm to you green
(03:33 / All) CultOfFire: dumbass level 1 harasser
(03:52 / All) bhjf44s: map hack bitch leave wc3
(04:06 / All) CultOfFire: lol
(04:10 / All) CultOfFire: how am I maphacking? lol
(04:29 / Allies) jhredskins21: lets meet
(04:31 / All) CultOfFire: level 1 harassing trashcan
(04:38 / Allies) CultOfFire: hit that fag
(04:42 / All) BERMUDA-TRIANGL: teal stay the fuck away
(04:44 / Allies) CultOfFire: he lvl 1 harassing shit
(04:52 / Allies) jhredskins21: wait blue
(05:04 / Allies) jhredskins21: we should hit yellow hes teching
(05:16 / Allies) CultOfFire: no he's better and prolly has towers
(05:17 / Allies) CultOfFire: purp sucks
(05:18 / Allies) CultOfFire: hit him
(05:21 / Allies) CultOfFire: we know he sucks
(05:28 / Allies) jhredskins21: so let him drag them down
(05:35 / Allies) CultOfFire: fucking idiot hit purple
(05:39 / Allies) faast: damm
(05:53 / Allies) jhredskins21: omw
(05:56 / All) CultOfFire: LMAO
(05:58 / All) CultOfFire: TPING LEVEL 1 HERO
(06:03 / Allies) CultOfFire: he tps a level 1 hero LOL
(06:04 / Allies) CultOfFire: he sucks
(06:26 / Allies) jhredskins21: green you coming?
(07:06 / Allies) CultOfFire: wtf you doing creeping
(07:11 / Allies) CultOfFire: he'll have tons of towers by the time we fucking hit
(07:35 / Allies) jhredskins21: omfg
(07:44 / Allies) jhredskins21: stuf
(07:47 / Allies) CultOfFire: there they are since you took so long and went to hit yellow
(07:50 / Allies) CultOfFire: rather than where I said
(07:52 / Allies) CultOfFire: lose a hh to towers
(08:16 / Allies) Dabu: he fell for dust
(08:17 / Allies) Dabu: hehehehe
(08:26 / All) CultOfFire: orange sucks kill him please bot left inside
(08:50 / All) bhjf44s: lol oj
(08:59 / All) CultOfFire: what the fuck are you doing oj lol
(09:06 / Allies) jhredskins21: well when blue doesnt do a fucking god damn thing
(09:13 / Allies) jhredskins21: ill just take 4 foots
(09:16 / Allies) CultOfFire: you suck ass and took forever to hit purp and he had towers
(09:20 / Allies) jhredskins21: man really good rush
(09:24 / All) bhjf44s: stop shiting blue bitch
(09:30 / All) bhjf44s: noob mh
(09:35 / All) LoL.: more like what is teal doing
(09:45 / All) bhjf44s: go cry
(09:48 / All) bhjf44s: blue
(10:19 / All) bhjf44s: u shit blue leave wc3
(10:23 / All) CultOfFire: lmao fucking tard stealing our strat
(10:25 / All) bhjf44s: lol
(10:27 / All) CultOfFire: and thinks he's good
(11:52 / All) CultOfFire: nice ward fuckwit
(12:04 / All) LoL.: map hacker
(12:09 / All) CultOfFire: I saw it placed you fuckwit
(12:11 / All) CultOfFire: shut the fuck up
(12:13 / All) CultOfFire: kill yourself
(12:17 / All) LoL.: get off wc3
(12:21 / All) CultOfFire: get out of life
(12:31 / All) BERMUDA-TRIANGL: "
(13:41 / All) CultOfFire: red do you perch?
(14:12 / All) CultOfFire: lmao
(14:29 / Allies) jhredskins21: wood plz
(14:39 / Allies) jhredskins21: ty
(15:34 / All) bhjf44s: lol blue u really shit
(15:46 / All) CultOfFire: you'll be drowning in shit at the end of this game
(16:03 / All) bhjf44s: lol
(16:24 / All) CultOfFire: LOL
(17:01 / Allies) CultOfFire: wood
(17:28 / Allies) jhredskins21: green why the fuck you have 2k gold?
(18:08 / All) CultOfFire: lawl
(18:20 / Allies) CultOfFire: wood
(18:25 / All) LoL.:
(18:36 / All) CultOfFire: I wanted to snipe the low hp wyrm but didn't manage to
(18:38 / All) CultOfFire: gay ud nukes
(18:39 / Allies) CultOfFire: ty friends
(18:54 / Allies) jhredskins21: repair
(19:01 / Allies) jhredskins21: lets go fucking attakc and end this
(19:05 / Allies) CultOfFire: hit this fag
(19:08 / Allies) CultOfFire: I got tanks and towers
(19:52 / Allies) jhredskins21: green fucking make him sleep
(19:57 / Allies) Dabu: sorry
(19:58 / Allies) faast: have you guys heard of tps?
(20:02 / Allies) faast: this sucks
(20:09 / Allies) jhredskins21: didnt have gold for one
(20:10 / Allies) Dabu: k
(20:23 / All) bhjf44s: blue where is ur shit????
(20:26 / All) bhjf44s: AAHAHHAH
(20:33 / All) LoL.: he has alot
(20:34 / All) CultOfFire: you don't want to know
(20:37 / All) LoL.: of tower
(20:41 / All) LoL.: dayum
(20:44 / All) jhredskins21: blue can talk shit he cant do anything about it though
(20:59 / All) CultOfFire: there it is purp!
(21:37 / Allies) jhredskins21: nie
(21:50 / All) bhjf44s: it ur shity
(21:51 / All) CultOfFire: nice base
(21:53 / All) bhjf44s: ????
(21:56 / All) bhjf44s: AAHHAH
(22:02 / All) bhjf44s: i have a new 1
(22:09 / All) CultOfFire: no you don't I have maphack
(22:19 / All) bhjf44s: lol
(22:36 / Allies) Dabu: we can still win
(22:55 / All) LoL.: were gonna be buried in shit now
(22:59 / All) LoL.: oh snap
(23:15 / Allies) Dabu: coming
(23:30 / Allies) Dabu: coming
(24:47 / All) CultOfFire: eat shit
(25:02 / All) jhredskins21: let me just build towers thatll win the game
(25:16 / All) CultOfFire: winning it against you scrubs
(25:20 / All) LoL.: lol
(25:24 / All) bhjf44s: that sad blue
(25:45 / All) Dabu: FUCK U
(25:46 / All) Dabu: jk
(25:48 / All) bhjf44s: just leave
(25:59 / All) bhjf44s: u just a map hach bitch
(26:06 / All) bhjf44s: lol
(26:12 / All) LoL.: all those tanks for one expo
(26:17 / All) Dabu: no im not a map hack bitch
(26:20 / All) CultOfFire: lmao
(26:22 / All) CultOfFire: these kids are mad
(26:32 / All) LoL.: BON DIGGITY
(26:35 / All) Dabu: i take that as a compliment
(26:42 / All) Dabu: if i get accused of maphacking
(26:49 / All) LoL.: oh damn that hamer hurt
(26:59 / All) LoL.: almost took away like 2% of my health
(27:12 / All) LoL.: you trying to kill me asshole?
(27:13 / All) bhjf44s: blue its over
(27:19 / Allies) jhredskins21: repair your tanks
(27:22 / All) CultOfFire: lol
(28:04 / All) jhredskins21: blue does have 2k gold so be careful!
(28:24 / All) bhjf44s: lol
(28:28 / All) CultOfFire: gay
(28:30 / All) bhjf44s: AAHAHHA
(28:48 / All) bhjf44s: die bitch
(28:48 / All) LoL.: bon diggity
(29:03 / All) bhjf44s: noob oj
(29:38 / All) LoL.: bon diggity
(29:39 / All) bhjf44s: AAAAHHAHA
(29:40 / All) bhjf44s: pussy
(29:45 / All) CultOfFire: Pink is a wyrmbot
(29:48 / All) CultOfFire: Purple a level 1 harasser
(29:51 / All) CultOfFire: Red a fag who copies our strat
(30:05 / All) Dabu: yeh
(30:07 / All) Dabu: its all good
(30:13 / All) Dabu: just plz dont accuse of maphack
(30:19 / All) Dabu: because i sure as hell dont
(31:03 / All) bhjf44s: shit base
(31:13 / All) CultOfFire: lol
(31:15 / All) CultOfFire: at least I have one
(31:28 / All) BERMUDA-TRIANGL: gj pink
(31:30 / All) BERMUDA-TRIANGL: lol
(33:17 / All) BERMUDA-TRIANGL: wut do u guys think happened to the malayasian airline plane
(34:21 / All) LoL.:
(34:24 / All) CultOfFire: free garg
(34:25 / All) CultOfFire: good micro
(34:37 / All) CultOfFire: nice bladestorm lol
(34:43 / All) bhjf44s: run bitch run
(34:58 / All) CultOfFire: run bitch run
(34:58 / All) CultOfFire: LOL
(35:10 / All) bhjf44s: gg pussy mh
(35:25 / All) CultOfFire: dude mh or not I could have known you were right there
(36:36 / All) CultOfFire: mirror image vs mher
(36:41 / All) CultOfFire: pro
(37:12 / All) CultOfFire: nice bm
(37:20 / All) CultOfFire: trying hard to focus mk lol
(38:14 / All) BERMUDA-TRIANGL: lawl
(38:54 / All) BERMUDA-TRIANGL: u insulted my sister pink
(38:56 / All) BERMUDA-TRIANGL: u must pay
(39:15 / All) LoL.: im so mad right now
(39:28 / All) LoL.: i dedicated my life to this one game
(39:31 / All) CultOfFire: i can imagine
(39:31 / All) LoL.: :(
(39:45 / All) LoL.: my life is over
(39:49 / All) LoL.: *kills self
(40:21 / All) CultOfFire: long distance mining lol
(40:27 / All) CultOfFire: you all care al ot about this win
(41:08 / All) LoL.: im gonna go watch fast and loud :)
(41:13 / All) BERMUDA-TRIANGL: wut is dat
(41:17 / All) bhjf44s: gg fucking yellow
(41:21 / All) LoL.: a tv show
(41:22 / All) CultOfFire: prolly a show as shit as his play in wc3
(41:23 / All) BERMUDA-TRIANGL: shit talkign allies
(41:24 / All) BERMUDA-TRIANGL: i swear
(42:26 / All) LoL.: ill watch the replay
(42:29 / All) LoL.: peace
(42:31 / All) CultOfFire: hf
(42:32 / All) BERMUDA-TRIANGL: just business gnetlemen
(42:34 / All) BERMUDA-TRIANGL: blue is pro
(42:47 / All) CultOfFire: Far better than their team
(42:49 / All) CultOfFire: That's for damn sure
(43:42 / All) BERMUDA-TRIANGL: blue is our liege lord
(43:45 / All) BERMUDA-TRIANGL: his word is law
(44:39 / All) BERMUDA-TRIANGL: 750 mana on mk
(44:46 / All) CultOfFire: I love this map for pendants in markets
(44:49 / All) CultOfFire: one was a lucky drop
(44:56 / All) CultOfFire: Mana stone too
(45:01 / All) CultOfFire: Sometimes the markets have shit spawns though
(45:05 / All) CultOfFire: and takes all game to get them
(45:13 / All) CultOfFire: Jesus I barely paying attention this game and owned them
(45:37 / All) BERMUDA-TRIANGL: i
(45:54 / All) BERMUDA-TRIANGL: got teals hero twice early on, he was running to my base even though my bm was kiling his hero
(45:58 / All) BERMUDA-TRIANGL: i think he saw my towers with mh
(46:12 / All) CultOfFire: I wonder if red knew us
(46:15 / All) CultOfFire: He did basically what we do
(46:19 / All) CultOfFire: tons of towers, bm harass
(46:20 / All) CultOfFire: hoard
(46:34 / All) BERMUDA-TRIANGL: i thought he was turncoat for a bit
(46:39 / All) CultOfFire: lawl
(47:08 / All) BERMUDA-TRIANGL: mk vs bm
(48:10 / All) bhjf44s: gg u guys still waste time on this shit
(48:12 / All) bhjf44s: lol
(48:25 / All) bhjf44s: im eating
(48:35 / All) CultOfFire: what you eating
(48:42 / All) CultOfFire: wow that battle was so 1 sided wtf
(48:43 / All) bhjf44s: and see video
(48:47 / All) CultOfFire: what video
(48:55 / All) CultOfFire: Don't think he'll reply